 Dungeon Crawl Stone Soup version 0.30.1-11-g7821555f0a (webtiles) character file.

Game seed: 1201762500161965664

903 monsoonserge the Ruffian (level 7, -3/70 HPs)
             Began as a Troll Fighter on Nov 15, 2023.
             Was an Initiate of Wu Jian.
             Slain by an iguana (11 damage)
             ... on level 5 of the Dungeon.
             The game lasted 00:08:51 (3386 turns).

monsoonserge the Ruffian (Troll Fighter)            Turns: 3386, Time: 00:08:52

Health: -3/70      AC: -4    Str: 25    XL:     7   Next: 80%
Magic:  6/6        EV:  9    Int:  6    God:    Wu Jian [......]
Gold:   219        SH:  8    Dex:  9    Spells: 6/6 levels left

rFire   . .          .
                       - Unarmed
rCold   . . .        b - +0 kite shield
rNeg    . . .        a - +0 robe
rPois   .            (helmet restricted)
rElec   .            (no cloak)
rCorr   .            (gloves unavailable)
SInv    .            (boots unavailable)
Will    +....        g - amulet of regeneration
Stlth   +            u - ring of willpower
HPRegen 1.91/turn    (no ring)
MPRegen 0.10/turn

%: no passive effects
@: mighty, lethally poisoned (-3 -> -3), corroded
A: large, unfitting armour, claws 3, regeneration 1, shaggy fur 1, tough skin 1
a: Renounce Religion


You were on level 5 of the Dungeon.
You worshipped Wu Jian.
Wu Jian was noncommittal.
You visited 1 branch of the dungeon, and saw 5 of its levels.

You collected 219 gold pieces.

Inventory:

Hand Weapons
 n - a +0 heavy sling
Missiles
 j - 3 poisoned darts (quivered)
Armour
 a - a +0 robe (worn)
 b - a +0 kite shield (worn)
Jewellery
 g - an amulet of regeneration (around neck)
 r - a ring of fire
 u - a ring of willpower (left claw)
Wands
 m - a wand of flame (13)
 p - a wand of acid (4)
 q - a wand of polymorph (7)
 t - a wand of digging (8)
Scrolls
 d - a scroll of enchant armour {unknown}
 e - a scroll of torment {unknown}
 f - 4 scrolls of teleportation {unknown}
 h - 6 scrolls of identify {unknown}
 k - a scroll of amnesia {unknown}
 s - a scroll of poison {unknown}
Potions
 i - a potion of lignification {unknown}
 l - 2 potions of curing
 o - a potion of magic {unknown}
 v - a potion of resistance {unknown}


   Skills:
 + Level 4.3 Fighting
 - Level 3.0 Dodging
 + Level 4.7 Shields
 * Level 6.4 Unarmed Combat


You had 6 spell levels left.
You didn't know any spells.
Your spell library contained the following spells:

 Spells                   Type           Power      Damage    Failure   Level
 Lesser Beckoning         Tloc           0%         N/A       83%         2
 Gell's Gravitas          Tloc           0%         N/A       96%         3
 Teleport Other           Tloc           0%         N/A       96%         3


Dungeon Overview and Level Annotations

Branches:
Dungeon (5/15)
 Temple: D:4-7

Altars:
Ru
Sif Muna
Wu Jian
Yredelemnul


Innate Abilities, Weirdness & Mutations

You are too large for most types of armour.
You have claws for hands.
Your natural rate of healing is unusually fast.
You are covered in fur. (AC +1)
You have tough skin. (AC +1)


Message History

The jelly is almost dead.
The adder bites you.
You block the adder's attack. x2; The adder bites you.
The jelly hits you. The acid corrodes you!
You are splashed with acid!
You scratch the jelly but do no damage.
Your claws burn!
The jelly is almost dead.
The adder bites you. x2; The jelly closely misses you.
You scratch the jelly.
Your claws burn!
The jelly is almost dead.
The adder bites you. x2; You block the jelly's attack.
You scratch the jelly but do no damage.
Your claws burn!
The jelly is almost dead.
You block the adder's attack. The adder bites you.
You are poisoned.
The adder poisons you! The adder bites you. You block the jelly's attack.
The adder bites you.
* * * LOW HITPOINT WARNING * * *
You feel very mighty all of a sudden.
You feel sick. You block the adder's attack. The adder bites you.
* * * LOW HITPOINT WARNING * * *
The jelly closely misses you.
You scratch the jelly.
You kill the jelly!
The Council accepts your kill.
You feel sick. The adder bites you.
* * * LOW HITPOINT WARNING * * *
The adder bites you.
* * * LOW HITPOINT WARNING * * *
You scratch the iguana but do no damage.
You feel sick. You block the adder's attack. The adder bites you.
* * * LOW HITPOINT WARNING * * *
You are more poisoned.
The adder poisons you! The dart slug launches a dart at you.
The slug dart misses you. You block the adder's attack. The iguana bites you.
* * * LOW HITPOINT WARNING * * *
Okay, then.
Okay, then.
You closely miss the iguana.
You feel sick. The adder misses you.
You block the adder's attack. x2; The iguana bites you!
You die...

..............#
................
...........<.....
....?>......!..#
...............#
...............#
.......wSSl....#
.........@.....#
...............#
.......<.....>...
.............##..
........###### .
.........
.........
........##
.......##


You could see an iguana, 2 adders and a dart slug.

Vanquished Creatures
  Grinder (D:3)
  Eustachio (D:4)
  Duvessa (D:4)
  An ogre (D:3)
  Dowan (D:4)
  A jelly (D:5)
  Jessica (D:3)
  An iguana (D:4)
  Ijyb (D:3)
  Terence (D:3)
  Natasha (thrice) (D:3)
  A gnoll (D:2)
  5 adders
  3 worms (D:2)
  3 dart slugs
  7 ball pythons
  7 bats
  8 endoplasms
  5 giant cockroaches
  6 goblins
  7 hobgoblins
  3 jackals (D:1)
  6 kobolds
  4 quokkas
  4 frilled lizards
  8 rats
90 creatures vanquished.

Notes
Turn   | Place    | Note
-------+----------+-------------------------------------------
     0 | D:1      | monsoonserge the Troll Fighter began the quest for the Orb.
     0 | D:1      | Reached XP level 1. HP: 22/22 MP: 0/0
   157 | D:1      | Reached XP level 2. HP: 27/29 MP: 1/1
   287 | D:1      | You fall into a shaft and drop 1 floor!
   345 | D:2      | Reached XP level 3. HP: 36/36 MP: 2/2
   879 | D:1      | Reached skill level 3 in Unarmed Combat
  1126 | D:2      | Reached XP level 4. HP: 41/44 MP: 3/3
  1461 | D:3      | Noticed Grinder
  1469 | D:3      | Paralysed by Grinder for 2 turns
  1473 | D:3      | Killed Grinder
  1474 | D:3      | Reached skill level 4 in Unarmed Combat
  1474 | D:3      | Reached XP level 5. HP: 50/53 MP: 4/4
  1474 | D:3      | Reached XP level 6. HP: 57/61 MP: 5/5
  1871 | D:3      | Noticed Terence
  1878 | D:3      | Killed Terence
  1990 | D:3      | Noticed Ijyb
  1999 | D:3      | Killed Ijyb
  2055 | D:3      | Noticed Natasha
  2064 | D:3      | Killed Natasha
  2075 | D:3      | Noticed Jessica
  2082 | D:3      | Killed Jessica
  2083 | D:3      | Reached skill level 5 in Unarmed Combat
  2223 | D:3      | Noticed Natasha
  2229 | D:3      | Killed Natasha
  2251 | D:3      | Noticed Natasha
  2261 | D:3      | Killed Natasha
  2275 | D:3      | Found a sacrificial altar of Ru.
  2276 | D:3      | Found a shimmering blue altar of Sif Muna.
  2277 | D:3      | Found a basalt altar of Yredelemnul.
  2330 | D:3      | Reached XP level 7. HP: 68/68 MP: 6/6
  2438 | D:4      | Noticed Dowan
  2439 | D:4      | Noticed Duvessa
  2444 | D:4      | Killed Dowan
  2454 | D:4      | Killed Duvessa
  2481 | D:4      | Reached skill level 6 in Unarmed Combat
  2739 | D:4      | Found an ornate altar of the Wu Jian Council.
  2743 | D:4      | Found the +5 Force Lance {heavy, knockback}
  2745 | D:4      | Became a worshipper of the Wu Jian Council
  2846 | D:4      | Noticed Eustachio
  2864 | D:4      | Killed Eustachio
  3372 | D:5      | Entered Level 5 of the Dungeon
  3386 | D:5      | Slain by an iguana

Illustrated notes

Levels and vault maps discovered:
D:1:      shiori_angband_town, layout_loops_corners
D:2:      layout_basic, minmay_domino_4
D:3:      layout_loops_cross, chequers_temple_overflow_statue_of_worship,
          uniq_terence, uniq_grinder, uniq_natasha, uniq_jessica, uniq_ijyb
D:4:      layout_basic, nicolae_wu_jian_glorious_leap, serial_bayou_pond_d,
          uniq_eustachio, uniq_duvessa
D:5:      layout_rooms, fedhas_altar_fruit_tree, ebering_ghost_reflecting_pool,
          nicolae_ossuary_entry_catacombs

Skill      XL: |  1  2  3  4  5  6  7 |
---------------+----------------------+-----
Shields        | 3 4 |  4.7
Unarmed Combat | 3 4 5 6 |  6.4
Fighting       | 3 4 |  4.3
Dodging        | 3 |  3.0

Action                     |  1- 3 |  4- 6 |  7- 9 || total
---------------------------+-------+-------+-------++-------
  Melee: Unarmed           |   100 |   126 |    45 ||   271
  Throw: Dart              |       |       |     1 ||     1
Ability: Lunge             |       |       |     1 ||     1
  Evoke: Wand              |       |       |     3 ||     3
    Use: Potion            |       |       |     1 ||     1
   Stab: Sleeping          |     1 |     1 |       ||     2
 Armour: Robe              |    21 |    23 |     4 ||    48
  Dodge: Dodged            |    36 |    43 |    14 ||    93
  Block: Kite shield       |    35 |    50 |    19 ||   104
